 Dungeon Crawl Stone Soup version 0.28.0-45-g0d030f2227 (webtiles) character file.

Game seed: 5289368010732831206

105 zeratav the Insei (level 4, -2/29 HPs)
             Began as an Octopode Transmuter on Apr 11, 2022.
             Killed from afar by an orc wizard (8 damage)
             ... with a magic dart
             ... on level 3 of the Dungeon.
             The game lasted 00:02:58 (3008 turns).

zeratav the Insei (Octopode Transmuter)             Turns: 3008, Time: 00:02:59

Health: -2/29      AC:  1    Str:  9    XL:     4   Next: 83%
Magic:  7/7        EV: 13    Int: 15    God:
Gold:   135        SH:  0    Dex: 14    Spells: 6/7 levels left

rFire   . . .      SeeInvis .     - Unarmed
rCold   . . .      Faith    .   (no shield)
rNeg    . . .      Spirit   .   (helmet restricted)
rPois   .          Reflect  .   (no amulet)
rElec   .          Harm     .   d - ring of resist corrosion
rCorr   +          Rampage  .   (no ring)
Will    .....                   (no ring)
Stlth   ++........              (no ring)
HPRegen 0.09/turn               (no ring)
MPRegen 0.10/turn               (no ring)
                                (no ring)
                                (no ring)

@: confused
A: almost no armour, amphibious, 8 rings, camouflage 1, gelatinous body 1,
(nimble swimmer 1), tentacles
a: no special abilities


You were on level 3 of the Dungeon.
You visited 1 branch of the dungeon, and saw 3 of its levels.

You collected 135 gold pieces.


Innate Abilities, Weirdness & Mutations

You cannot wear most types of armour.
You are amphibious.
You can wear up to eight rings at the same time.
Your skin changes colour to match your surroundings (Stealth+).
Your rubbery body absorbs attacks. (AC +1, EV +1)
((You are camouflaged when in or above water. (Stealth+)))
You have tentacles for arms and can constrict up to eight enemies at once.


   Skills:
 + Level 2.0 Fighting
 + Level 2.7 Dodging
 + Level 2.5 Stealth
 * Level 4.1 Unarmed Combat
 - Level 2.0 Spellcasting
 - Level 2.0 Transmutations


You had 6 spell levels left.
You knew the following spells:

 Your Spells              Type           Power      Damage    Failure   Level
a - Beastly Appendage     Tmut           14%        N/A       10%         1

Your spell library contained the following spells:

 Spells                   Type           Power      Damage    Failure   Level
 Wereblood                Tmut           7%         N/A       14%         2
 Spider Form              Tmut/Pois      4%         N/A       41%         3
 Ice Form                 Ice/Tmut       4%         N/A       82%         4

Inventory:

Jewellery
 d - a ring of resist corrosion (left tentacle)
   (You found it on level 1 of the Dungeon)
Scrolls
 c - 2 scrolls of vulnerability {unknown}
 e - 2 scrolls of identify {unknown}
 g - a scroll of magic mapping {unknown}
 j - 2 scrolls of teleportation {unknown}
 k - a scroll of enchant weapon {unknown}
Potions
 a - a potion of magic {unknown}
 b - a potion of haste {unknown}
 f - a potion of lignification {unknown}
 h - a potion of heal wounds {unknown}
 i - a potion of brilliance {unknown}

Dungeon Overview and Level Annotations

Branches:
Dungeon (3/15)

Altars:

Shops:
D:1

** #.# #### #.#
....###.## .#........
#........ ##......####
#......){..#
#.#####..##.#
.......@o##.#######
#.###....)>)......######
#.#................<
...#####.############
##. #....# # #. ####.#
#### # # #... #.## #.#


You could see an orc.


Message History

You kill the orc!
You tentacle-slap the orc but do no damage.
Your grab misses the orc. The orc hits you with a +0 short sword.
HP[-5]
You take 5 damage, and now have 22/29 hp.
You tentacle-slap the orc. Your grab misses the orc.
You pierce the orc.
You squeeze the orc.
Your transformation is almost over.
An orc comes into view. It is wielding a +0 dagger.
HP[+1] MP[+1]
Your mp is fully restored (7).
You tentacle-slap the orc.
You kill the orc!
The orc barely misses you.
A giant cockroach comes into view.
You barely miss the orc. You grab the orc.
You constrict the orc, but do no damage.
The orc struggles to escape constriction.
You tentacle-slap the orc but do no damage.
You squeeze the orc, but do no damage.
You constrict the orc, but do no damage.
The orc throws a boomerang.
The boomerang misses you. The orc hits you but does no damage.
You tentacle-slap the orc but do no damage.
You squeeze the orc, but do no damage. You constrict the orc.
The orc throws a boomerang.
The boomerang hits you.
The orc struggles to escape constriction.
HP[-2]
You take 2 damage, and now have 21/29 hp.
You tentacle-slap the orc but do no damage.
You pierce the orc, but do no damage.
You squeeze the orc.
You constrict the orc, but do no damage.
The orc escapes!
The orc wizard casts a spell.
The orc wizard flickers and vanishes!
Deactivating autopickup; reactivate with Ctrl-A.
You tentacle-slap the orc. Your grab misses the orc. You squeeze the orc.
You kill the orc!
Your tentacle spike disappears.
The orc closely misses you. The orc barely misses you.
You tentacle-slap the giant cockroach.
You kill the giant cockroach!
Things that are here:
a +0 dagger {short}; 3 boomerangs {throwing}; a giant cockroach corpse HP[+1]
You tentacle-slap the orc but do no damage.
You grab the orc.
You constrict the orc, but do no damage.
The orc escapes!
You tentacle-slap the orc. Your grab misses the orc.
Your squeeze misses the orc. The orc hits you with a +0 falchion.
You hear some strange, mumbled words.
Something tries to affect you, but you resist.
HP[-2]
You take 2 damage, and now have 20/29 hp.
You barely miss the orc. You grab the orc.
You tentacle-slap the orc, but do no damage.
You squeeze the orc.
You constrict the orc, but do no damage.
The orc hits you with a +0 falchion!
* * * LOW HITPOINT WARNING * * *
HP[-7]
You take 7 damage, and now have 13/29 hp.
MASSIVE DAMAGE!! (PAUSE)
You tentacle-slap the orc.
You kill the orc!
Something barely misses you.
You see here a +0 hand axe {axe}.
You hear some strange, mumbled words.
A puff of flame appears from out of thin air!
The puff of flame misses you.
There is a stone staircase leading down, spattered with blood here.
Things that are here:
a +0 dagger {short}; 3 boomerangs {throwing}; a giant cockroach corpse HP[+1]
The orc hits you with a +0 mace of protection!
* * * LOW HITPOINT WARNING * * *
HP[-7]
You take 7 damage, and now have 7/29 hp.
MASSIVE DAMAGE!! (PAUSE)
You tentacle-slap the orc but do no damage.
You grab the orc.
You constrict the orc, but do no damage.
The orc completely misses you.
You tentacle-slap the orc but do no damage.
You squeeze the orc, but do no damage. You constrict the orc.
You hear some strange, mumbled words.
You are confused.
The orc hits you with a +0 mace of protection.
* * * LOW HITPOINT WARNING * * *
HP[-1]
You take 1 damage, and now have 6/29 hp.
You tentacle-slap the orc but do no damage.
You constrict the orc, but do no damage.
The orc completely misses you.
You release your grip on the orc.
A magic dart appears from out of thin air!
The magic dart hits you!
You die...

Skill      XL: |  1  2  3  4 |
---------------+-------------+-----
Stealth        | 1 2 |  2.5
Fighting       | 2 |  2.0
Unarmed Combat | 4 |  4.1
Dodging        | |  2.7
Spellcasting   | |  2.0
Transmutations | |  2.0

Action                   |  1- 3 |  4- 6 || total
-------------------------+-------+-------++-------
Melee: Unarmed           |    80 |    30 ||   110
       Constrict         |    17 |     9 ||    26
       Tentacles         |    14 |    11 ||    25
       Kick              |    16 |     7 ||    23
       Punch             |     1 |     1 ||     2
 Cast: Beastly Appendage |    25 |     5 ||    30
 Stab: Sleeping          |     9 |       ||     9
Armor: Skin              |     3 |     2 ||     5
Dodge: Dodged            |    32 |    12 ||    44

Levels and vault maps discovered:
D:1:      amcnicky_arrival_flooded_fountain, layout_basic,
          nicolae_ecumenical_lake_church, serial_shops, nicolae_shop_trees,
          nicolae_square_shop, minmay_hexomino_c4
D:2:      layout_rooms
D:3:      layout_loops_ring, kennysheep_generic_room_8

Notes
Turn   | Place    | Note
-------+----------+-------------------------------------------
     0 | D:1      | zeratav the Octopode Transmuter began the quest for the
                  | Orb.
     0 | D:1      | Reached XP level 1. HP: 13/13 MP: 3/3
     0 | D:1      | magus.rc [v1.9.6]
   105 | D:1      | Reached XP level 2. HP: 18/18 MP: 3/5
   144 | D:1      | Reached skill level 1 in Stealth
   212 | D:1      | Found Qiomn's Assorted Antiques.
   249 | D:1      | Found Wopa's Assorted Antiques.
   312 | D:1      | Found a faded altar of an unknown god.
   614 | D:1      | Reached XP level 3. HP: 12/23 MP: 6/6
   617 | D:1      | HP: 4/23 [frozen (5)]
  1863 | D:3      | Reached skill level 2 in Stealth
  2077 | D:3      | Reached XP level 4. HP: 15/29 MP: 7/7
  2390 | D:3      | HP: 6/29 [gnoll/+0 halberd (3)]
  2642 | D:3      | Reached skill level 2 in Fighting
  2642 | D:3      | Reached skill level 4 in Unarmed Combat
  3004 | D:3      | HP: 7/29 [orc/+0 mace of protection (7)]
  3008 | D:3      | Killed from afar by an orc wizard

Vanquished Creatures
  3 gnolls (D:3)
  An adder (D:3)
  2 dart slugs
  5 orcs (D:3)
  3 ball pythons
  3 bats
  8 endoplasms
  3 giant cockroaches
  4 goblins
  4 hobgoblins
  9 kobolds
  3 quokkas (D:1)
  A frilled lizard (D:1)
  3 rats
52 creatures vanquished.

Table legend:
 A = Non-vault XP
 B = Vault XP
 C = Vault XP percentage of total XP
 D = Non-vault monster count
 E = Vault monster count
 F = Vault count percentage of total count
                 A         B        C        D         E       F
            +---------+---------+-------+---------+---------+-------
      Total |     141 |      10 |   6.6 |      46 |       6 |  11.5
            +---------+---------+-------+---------+---------+-------
        D:1 |      37 |      10 |  21.3 |      19 |       6 |  24.0
        D:2 |      14 |       0 |   0.0 |       8 |       0 |   0.0
        D:3 |      90 |       0 |   0.0 |      19 |       0 |   0.0
            +---------+---------+-------+---------+---------+-------

Illustrated notes

Table legend:
 A = Kills in this place as a percentage of kills in entire the game.
 B = Kills by you in this place as a percentage of kills by you in the entire game.
 C = Kills by friends in this place as a percentage of kills by friends in the entire game.
 D = Other kills in this place as a percentage of other kills in the entire game.
 E = Experience gained in this place as a percentage of experience gained in the entire game.
 F = Experience gained in this place divided by the number of levels of this place that you have seen.
                   A       B       C       D       E      F
               +-------+-------+-------+-------+-------+----------------------
         Total | 100.0 | 100.0 |   N/A |   N/A | 100.0 |  50.3
       Dungeon | 100.0 | 100.0 |   N/A |   N/A | 100.0 |  50.3
               +-------+-------+-------+-------+-------+----------------------

Table legend: (Time is in decaauts)
 A = Elapsed time spent in this place.
 B = Non-inter-level travel time spent in this place.
 C = Inter-level travel time spent in this place.
 D = Time resting spent in this place.
 E = Time spent auto-exploring this place.
 F = Levels seen in this place.
 G = Mean time per level.
                   A        B        C        D        E       F      G
               +--------+--------+--------+--------+--------+-----+--------+
         Total |   3001 |   2935 |     66 |    772 |   1749 |   3 | 1000.3 |
       Dungeon |   3001 |   2935 |     66 |    772 |   1749 |   3 | 1000.3 |
               +--------+--------+--------+--------+--------+-----+--------+

Top non-repeatable levels by time:
     D:1: 1336 daAuts
     D:2: 978 daAuts
     D:3: 687 daAuts
